 Dungeon Crawl Stone Soup version 0.29-a0-338-g1ff7896281 (webtiles) character file.

Game seed: 6873493406160731404

3230 spaghetti the Covert (level 7, -4/52 (54) HPs)
             Began as an Octopode Delver on Apr 18, 2022.
             Was a Priest of Ru.
             Slain by an orc
             ... wielding a +0 trident
              (7 damage)
             ... on level 7 of the Dungeon.
             The game lasted 00:14:50 (8974 turns).

spaghetti the Covert (Octopode Delver)              Turns: 8974, Time: 00:14:51

HP:   -4/52 (54)    AC:  4    Str: 12    XL:     7   Next: 98%
MP:   7/7           EV: 31    Int: 12    God:    Ru [***...]
Gold: 317           SH:  0    Dex: 15    Spells: 6/6 levels left

rFire   . . .      SeeInvis .   d - +3 quarterstaff (chaos) {staff}
rCold   + . .      Faith    .   (shield currently unavailable)
rNeg    . . .      Spirit   .   C - +1 hat
rPois   .          Reflect  .   h - amulet of the acrobat
rElec   .          Harm     .   (no ring)
rCorr   .          Rampage  .   (no ring)
Will    .....                   (no ring)
Stlth   +++.......              (no ring)
HPRegen 0.17/turn               (no ring)
MPRegen 0.10/turn               (no ring)
                                (no ring)
                                (no ring)

@: confused, exhausted, acrobatic, lightly drained
A: almost no armour, amphibious, 8 rings, camouflage 1, gelatinous body 1,
cowardly, inexperienced 1, (nimble swimmer 1), tentacles, iridescent scales 1,
cold resistance 1
a: Renounce Religion, Draw Out Power


You were on level 7 of the Dungeon.
You worshipped Ru.
Ru was most pleased with you.
You visited 1 branch of the dungeon, and saw 7 of its levels.

You collected 492 gold pieces.
You spent 175 gold pieces at shops.


Innate Abilities, Weirdness & Mutations

You cannot wear most types of armour.
You are amphibious.
You can wear up to eight rings at the same time.
Your skin changes colour to match your surroundings (Stealth+).
Your rubbery body absorbs attacks. (AC +1, EV +1)
Your cowardice makes you less effective in combat with threatening foes.
You are somewhat inexperienced. (-2 XL)
((You are camouflaged when in or above water. (Stealth+)))
You have tentacles for arms and can constrict up to eight enemies at once.
You are partially covered in iridescent scales. (AC +2)
Your flesh is cold resistant. (rC+)


   Skills:
 * Level 7.6 Fighting
 - Level 2.0 Short Blades
 * Level 7.5 Throwing
 * Level 7.3 Dodging
 + Level 10.2 Stealth


You had 6 spell levels left.
You didn't know any spells.
Your spell library contained the following spells:

 Spells                   Type           Power      Damage    Failure   Level
 Shock                    Conj/Air       0%         1d3       32%         1
 Inner Flame              Hex/Fire       0%         N/A       69%         3
 Swiftness                Air            0%         N/A       69%         3
 Tukima's Dance           Hex            0%         N/A       69%         3
 Airstrike                Air            0%         N/A       97%         4
 Anguish                  Hex/Necr       0%         N/A       97%         4
 Cause Fear               Hex            0%         N/A       97%         4
 Enfeeble                 Hex            0%         N/A       100%        7
 Discord                  Hex            0%         N/A       100%        8

Inventory:

Hand Weapons
 a - a +0 short sword {short}
 d - a +3 quarterstaff of chaos (weapon) {staff}
   (You took it off Crazy Yiuf on level 2 of the Dungeon)
 g - a +0 trident of protection {polearm}
   (You found it on level 5 of the Dungeon)
 u - a +2 dagger of venom {short}
   (You took it off a goblin on level 3 of the Dungeon)
Missiles
 m - 220 stones (quivered) {throwing}
 s - 3 poisoned darts {throwing}
Armour
 C - a +1 hat (worn)
   (You bought it in a shop on level 7 of the Dungeon)
Magical Staves
 w - a staff of cold {!astaff}
   (You found it on level 4 of the Dungeon)
Jewellery
 h - an amulet of the acrobat (around mantle)
   (You found it on level 2 of the Dungeon)
 B - a ring of protection from cold
   (You found it on level 6 of the Dungeon)
Wands
 f - a wand of digging (3)
 k - a wand of paralysis (4)
   (You found it on level 6 of the Dungeon)
 o - a wand of mindburst (35)
   (You found it on level 5 of the Dungeon)
Scrolls
 b - 3 scrolls of fog
 c - a scroll of magic mapping {!r}
 e - a scroll of identify {@r1}
 i - a scroll of silence {!r}
 j - a scroll of teleportation {@r4}
 n - 2 scrolls of immolation {unknown}
 r - 2 scrolls of amnesia {unknown}
 v - a scroll of enchant armour {unknown}
 x - 2 scrolls of vulnerability {unknown}
 y - a scroll of holy word {unknown}
 A - a scroll of blinking {unknown}
Potions
 p - 3 potions of mutation {!q}
 z - 2 potions of brilliance

Dungeon Overview and Level Annotations

Branches:
Dungeon (7/15)             Temple (0/1) D:6

Altars:
Cheibriados
Elyvilon
Gozag
Ru
Sif Muna
Trog
Xom
Yredelemnul
Zin
The Shining One

Shops:
D:2 :   D:6 *   D:7 ((*[

Annotations:
D:5 exclusions: 4 doors and ogre

#.##.# #.
#####.##.# #.
#.....##.#
##.
#.######.#
##..
#........#
#.#.
#..#######
##.# #..# ##.
#o.#### ##
#o@...# #
#.....(o....#
#.####(####.#
.. # .(( ....
^(.(_ .#..[.


You could see an orc wizard and 2 orcs.


Message History

Aim: an orc, wielding a +2 vorpal flail and wearing a +0 scale mail (69% to hit)
You throw a stone {throwing}.
The stone {throwing} barely misses the orc.
The stone {throwing} closely misses the orc.
The stone {throwing} hits the orc but does no damage.
Throw: 222 stones {throwing}
Press: ? - help, Q - select action, (/) - cycle Shift-Dir - straight line, f/p - orc
Aim: an orc, wielding a +2 vorpal flail and wearing a +0 scale mail (69% to hit)
You throw a stone {throwing}. The stone {throwing} hits the orc.
Throw: 221 stones {throwing}
Press: ? - help, Q - select action, (/) - cycle Shift-Dir - straight line, f/p - orc
Aim: an orc, wielding a +2 vorpal flail and wearing a +0 scale mail (69% to hit)
You throw a stone {throwing}.
The stone {throwing} hits the wyvern but does no damage.
You barely miss the orc. You grab the orc. You constrict the orc.
The orc struggles to escape constriction. 😕 HP[+1]
You sock the orc! Lightning courses through the orc!
You kill the orc!
The orc misses you.
You now have 52 max hp (+1).
Throw: 4 darts (poison) {throwing}
Press: ? - help, Shift-Dir - straight line, f/p - orc
Aim: an orc, wielding a +2 vorpal flail and wearing a +0 scale mail (69% to hit)
You throw a poisoned dart {throwing}.
The poisoned dart {throwing} hits the wyvern!
The wyvern is poisoned.
The orc hits you but does no damage.
You sock the wyvern!
The wyvern suddenly seems more agile.
The wyvern bites you!
The orc wizard begins to cast a spell, but is stunned by your conviction!
The orc closely misses you. The wyvern misses you. 😮 HP[-7]
You take 7 damage, and now have 35/52 hp.
You sock the wyvern! The wyvern bites you! The orc hits you but does no damage.
The wyvern barely misses you. The orc barely misses you. 😮 HP[-7]
You take 7 damage, and now have 28/52 hp.
You are restored by drawing out deep reserves of power within.
You feel drained. The wyvern closely misses you.
The orc hits you from afar with a +0 trident. 😕 HP[+17]
You now have 48 max hp (-4).
You regained 17 hp, and now have 45/48 hp.
Unknown command.
Unknown command.
You closely miss the wyvern. Your squeeze misses the wyvern.
The wyvern closely misses you.
You redirect the wyvern's attack!
The wyvern bites the orc.
The orc wizard hits you with a +0 dagger.
The orc hits you with a +2 vorpal flail.
The orc completely misses you. 😕 HP[-5]
You take 5 damage, and now have 40/48 hp.
You miss the wyvern. The wyvern barely misses you. The wyvern bites you.
The orc hits you from afar with a +0 trident.
The orc wizard misses you. The orc barely misses you. 😮 HP[-6]
You take 6 damage, and now have 34/48 hp.
You thump the wyvern! You freeze the wyvern. The wyvern closely misses you.
The orc completely misses you.
The orc wizard points at you and mumbles some strange words.
You are confused.
The orc barely misses you. The wyvern bites you!!
* * * LOW HITPOINT WARNING * * *
The orc closely misses you.
The orc wizard hits you but does no damage.
The orc hits you from afar with a +0 trident.
* * * LOW HITPOINT WARNING * * *
😱 HP[-23]
You take 23 damage, and now have 11/48 hp.
MASSIVE DAMAGE!! (PAUSE)
Okay, then.
You are too confused!
Okay, then.
Okay, then.
You bump into the rock wall.
You kill the wyvern!
The orc wizard hits you but does no damage.
The orc closely misses you. The orc completely misses you.
You now have 52 max hp (+4).
You barely miss the orc wizard. The orc wizard casts a spell at you.
The puff of flame hits you!
* * * LOW HITPOINT WARNING * * *
The orc hits you from afar with a +0 trident.
* * * LOW HITPOINT WARNING * * *
The orc barely misses you. 😱 HP[-8]
You take 8 damage, and now have 3/52 hp.
Unknown command.
Unknown command.
Unknown command.
Okay, then.
You are too confused!
The orc wizard begins to cast a spell, but is stunned by your conviction!
The orc hits you with a +0 trident!
You die...

Skill      XL: |  1  2  3  4  5  6  7 |
---------------+----------------------+-----
Throwing       | 2 3 6 7 |  7.5
Stealth        | 7 9 10 | 10.2
Dodging        | 4 6 7 |  7.3
Fighting       | 5 6 7 |  7.6
Short Blades   | |  2.0

Action                   |  1- 3 |  4- 6 |  7- 9 || total
-------------------------+-------+-------+-------++-------
Melee: Trident           |    12 |    42 |       ||    54
       Constrict         |     2 |    26 |    19 ||    47
       Tentacles         |     2 |    25 |    31 ||    58
       Quarterstaff      |       |    68 |   124 ||   192
       Dagger            |       |    41 |    10 ||    51
       Punch             |       |       |     1 ||     1
Throw: Boomerang         |     3 |    63 |       ||    66
       Stone             |       |   160 |   113 ||   273
       Dart              |       |     1 |     1 ||     2
Invok: Draw Out Power    |       |     6 |     8 ||    14
       Sacrifice Experie |       |     1 |       ||     1
       Sacrifice Courage |       |     1 |       ||     1
       Reject Sacrifices |       |       |     1 ||     1
Evoke: Wand              |       |     5 |     1 ||     6
  Use: Scroll            |       |     5 |     1 ||     6
       Potion            |       |     3 |    10 ||    13
 Stab: Sleeping          |     2 |       |    10 ||    12
       Invisible         |       |     1 |     3 ||     4
       Petrified         |       |       |     1 ||     1
       Paralysed         |       |       |     1 ||     1
Armor: Skin              |     1 |    36 |    24 ||    61
Dodge: Dodged            |     9 |    87 |   129 ||   225

Levels and vault maps discovered:
D:1:      roderic_octagonal_star, layout_basic
D:2:      layout_basic, serial_shops, shop, dreamdust_ecumenical_altar_grove,
          uniq_robin, uniq_crazy_yiuf_cottage
D:3:      layout_basic, lemuel_round_altar, minmay_quadrilaterals
D:4:      layout_rooms, amcnicky_altar_gilded, lemuel_doored_altar
D:5:      layout_basic, mainiacjoe_overflow_six_doors_small, serial_rivers,
          chequers_serial_rivers_micro_b, chequers_serial_rivers_micro_e,
          chequers_serial_rivers_micro_b, chequers_serial_rivers_micro_e,
          chequers_serial_rivers_room_a, hangedman_abyss_or_decor_lesser_grid
D:6:      layout_rooms, zin_statuary, mainiacjoe_overflow_boulevard,
          nicolae_overflow_hidden_temple, lemuel_round_altar,
          minmay_temple_entry_from_below_a, serial_shops, nicolae_stop_n_shop_2,
          uniq_prince_ribbit1, uniq_menkaure
D:7:      layout_loops_ring, lemuel_mausoleum_altar_yredelemnul,
          lemuel_tele_altar, serial_shops, nicolae_shop_behind_doors,
          nicolae_shop_waterfront, kennysheep_mini_moat, shop

Notes
Turn   | Place    | Note
-------+----------+-------------------------------------------
     0 | D:5      | spaghetti the Octopode Delver began the quest for the Orb.
     0 | D:5      | Reached XP level 1. HP: 16/16 MP: 1/1
     0 | D:5      | magus.rc [v1.9.6]
    78 | D:5      | Reached XP level 2. HP: 21/21 MP: 2/2
   103 | D:5      | Noticed a scorpion
   110 | D:5      | Killed a scorpion
   111 | D:5      | Reached skill level 2 in Throwing
   111 | D:5      | Reached skill level 7 in Stealth
   111 | D:5      | Reached XP level 3. HP: 22/26 MP: 3/3
   111 | D:5      | Reached XP level 4. HP: 27/31 MP: 4/4
   229 | D:5      | Reached XP level 5. HP: 35/37 MP: 5/5
   256 | D:5      | Found a sacrificial altar of Ru.
   268 | D:5      | Noticed a centaur
   279 | D:5      | Became a worshipper of Ru the Awakened
   319 | D:5      | You pick up a book of Hexes and begin reading...
   319 | D:5      | You add the spells Inner Flame, Cause Fear and Discord to
                  | your library.
   434 | D:4      | Noticed a two-headed ogre
   443 | D:4      | HP: 5/37 [two-headed ogre/+0 giant spiked club (23)]
   916 | D:5      | Reached skill level 3 in Dodging
  1175 | D:5      | Noticed an ogre
  1191 | D:6      | Reached skill level 3 in Throwing
  1195 | D:6      | Found a staircase to the Ecumenical Temple.
  1341 | D:6      | Found Yludghunn's General Store.
  1350 | D:6      | Reached skill level 4 in Fighting
  1350 | D:6      | Reached XP level 6. HP: 16/43 MP: 6/6
  1696 | D:4      | Found a snail-covered altar of Cheibriados.
  1802 | D:3      | Gained mutation: Your cowardice makes you less effective in
                  | combat with threatening foes. [Ru sacrifice]
  1802 | D:3      | Reached * piety under Ru
  2218 | D:3      | Found a shimmering altar of Xom.
  2389 | D:2      | Found Xaeduygich's Book Emporium.
  2591 | D:2      | Reached skill level 4 in Throwing
  2701 | D:2      | Found a runed translucent door.
  2702 | D:2      | Noticed Crazy Yiuf
  2885 | D:2      | Noticed Robin
  2901 | D:2      | Killed Robin
  2904 | D:2      | Reached skill level 8 in Stealth
  2960 | D:2      | Reached XP level 7. HP: 49/49 MP: 7/7
  3146 | D:2      | Found a faded altar of an unknown god.
  3404 | D:2      | Killed Crazy Yiuf
  3541 | D:1      | Gained mutation: You are somewhat inexperienced. (-2 XL)
                  | [Ru sacrifice]
  3541 | D:1      | Reached XP level 6. HP: 44/44 MP: 6/6
  3541 | D:1      | Reached XP level 5. HP: 38/38 MP: 5/5
  3541 | D:1      | Reached ** piety under Ru
  3541 | D:1      | Reached *** piety under Ru
  4346 | D:4      | Reached skill level 4 in Dodging
  4854 | D:4      | Reached skill level 5 in Fighting
  4901 | D:4      | Reached XP level 6. HP: 26/43 MP: 6/6
  4908 | D:4      | HP: 8/43 [acid (8)]
  5024 | D:4      | Killed a two-headed ogre
  5025 | D:4      | Reached skill level 6 in Fighting
  5025 | D:4      | Reached skill level 5 in Throwing
  5025 | D:4      | Reached skill level 5 in Dodging
  5025 | D:4      | Reached skill level 9 in Stealth
  5541 | D:4      | Found a shimmering blue altar of Sif Muna.
  5739 | D:6      | Noticed Prince Ribbit
  5755 | D:6      | Killed Prince Ribbit
  5756 | D:6      | Reached skill level 6 in Throwing
  5756 | D:6      | Reached skill level 6 in Dodging
  5756 | D:6      | Reached XP level 7. HP: 23/53 MP: 7/7
  6463 | D:6      | Found a glowing silver altar of Zin.
  6535 | D:6      | Found an opulent altar of Gozag.
  6574 | D:6      | Found a white marble altar of Elyvilon.
  6606 | D:6      | Found a glowing golden altar of the Shining One.
  6624 | D:6      | Noticed Menkaure
  6632 | D:6      | Killed Menkaure
  7047 | D:7      | You pick up a book of Air and begin reading...
  7047 | D:7      | You add the spells Shock, Swiftness and Airstrike to your
                  | library.
  7066 | D:7      | Found Mopleopt's Antique Armour Shoppe.
  7077 | D:7      | Found Zamie's Weapon Shop.
  7238 | D:7      | Found Xiur's Assorted Antiques.
  7241 | D:7      | Bought a runed hat for 175 gold pieces
  7301 | D:7      | You pick up a book of Maledictions and begin reading...
  7301 | D:7      | You add the spells Tukima's Dance, Anguish and Enfeeble to
                  | your library.
  7331 | D:7      | Gained mutation: Your flesh is cold resistant. (rC+)
                  | [potion of mutation]
  7331 | D:7      | Gained mutation: You are partially covered in iridescent
                  | scales. (AC +2) [potion of mutation]
  7516 | D:7      | HP: 11/47 [something (14)]
  7828 | D:7      | Reached skill level 7 in Fighting
  8013 | D:7      | Reached skill level 7 in Throwing
  8281 | D:7      | Reached skill level 7 in Dodging
  8451 | D:7      | Reached skill level 10 in Stealth
  8782 | D:7      | Found a basalt altar of Yredelemnul.
  8839 | D:7      | Found Siodghis's Weapon Shop.
  8954 | D:7      | Found a bloodstained altar of Trog.
  8971 | D:7      | HP: 11/48 [orc/+0 trident (5)]
  8973 | D:7      | HP: 4/52 [orc wizard/puff of flame (8)]
  8974 | D:7      | Slain by an orc

Vanquished Creatures
  A two-headed ogre (D:4)
  Prince Ribbit (D:6)
  A wyvern (D:7)
  A vampire (D:7)
  Menkaure (D:6)
  A hornet zombie (D:7)
  4 ice beasts
  A centaur (D:7)
  2 phantoms
  2 necrophages (D:7)
  A bullfrog (D:4)
  4 scorpions
  3 wights (D:7)
  A howler monkey (D:4)
  3 centaur zombies (D:7)
  6 jellies
  3 hounds
  An orc priest (D:4)
  Crazy Yiuf (D:2)
  A human zombie (D:7)
  4 iguanas
  2 mummies (D:7)
  Robin (D:2)
  3 adders
  5 gnolls
  An ufetubus (D:4)
  4 worms
  3 dart slugs
  6 orcs
  4 bats
  8 endoplasms
  2 giant cockroaches
  13 goblins
  6 hobgoblins
  4 quokkas
  5 ball pythons
  5 frilled lizards
  6 kobolds
  6 rats
127 creatures vanquished.

Vanquished Creatures (others)
  2 hounds
  A worm (D:3)
3 creatures vanquished.

Grand Total: 130 creatures vanquished

Table legend:
 A = Non-vault XP
 B = Vault XP
 C = Vault XP percentage of total XP
 D = Non-vault monster count
 E = Vault monster count
 F = Vault count percentage of total count
                 A         B        C        D         E       F
            +---------+---------+-------+---------+---------+-------
      Total |    3304 |    1311 |  28.4 |     100 |      30 |  23.1
            +---------+---------+-------+---------+---------+-------
        D:1 |      40 |       0 |   0.0 |      16 |       0 |   0.0
        D:2 |      56 |      76 |  57.6 |      21 |      12 |  36.4
        D:3 |      28 |      51 |  64.6 |      11 |       4 |  26.7
        D:4 |    1417 |       0 |   0.0 |      21 |       0 |   0.0
        D:5 |     221 |       0 |   0.0 |       8 |       0 |   0.0
        D:6 |     873 |     448 |  33.9 |      16 |       2 |  11.1
        D:7 |     669 |     736 |  52.4 |       7 |      12 |  63.2
            +---------+---------+-------+---------+---------+-------

Illustrated notes

Table legend:
 A = Kills in this place as a percentage of kills in entire the game.
 B = Kills by you in this place as a percentage of kills by you in the entire game.
 C = Kills by friends in this place as a percentage of kills by friends in the entire game.
 D = Other kills in this place as a percentage of other kills in the entire game.
 E = Experience gained in this place as a percentage of experience gained in the entire game.
 F = Experience gained in this place divided by the number of levels of this place that you have seen.
                   A       B       C       D       E      F
               +-------+-------+-------+-------+-------+----------------------
         Total | 100.0 | 100.0 |   N/A | 100.0 | 100.0 | 659.3
       Dungeon | 100.0 | 100.0 |   N/A | 100.0 | 100.0 | 659.3
               +-------+-------+-------+-------+-------+----------------------

Table legend: (Time is in decaauts)
 A = Elapsed time spent in this place.
 B = Non-inter-level travel time spent in this place.
 C = Inter-level travel time spent in this place.
 D = Time resting spent in this place.
 E = Time spent auto-exploring this place.
 F = Levels seen in this place.
 G = Mean time per level.
                   A        B        C        D        E       F      G
               +--------+--------+--------+--------+--------+-----+--------+
         Total |   8997 |   8581 |    416 |   2181 |   5209 |   7 | 1285.3 |
       Dungeon |   8997 |   8581 |    416 |   2181 |   5209 |   7 | 1285.3 |
               +--------+--------+--------+--------+--------+-----+--------+

Top non-repeatable levels by time:
     D:6: 1953 daAuts
     D:7: 1576 daAuts
     D:5: 1526 daAuts
     D:3: 1082 daAuts
     D:2: 1080 daAuts
     D:4: 939 daAuts
     D:1: 839 daAuts
